AoeStats
← Skraelin

Arena

510063106Analyzed
1v1 RM · 3d ago on Sep 29, 2026· 33m 35s· 2 players
Game mode
Random Map
Map size
Tiny (2 player)
Population
200
Speed
Normal
Resources
Standard
Victory
Conquest
Starting age
Dark Age
Ending age
Imperial Age
RankedLock teamsTeams togetherTeam positionsShared explorationLock speedFull tech treeHidden civsTurbo modeCheats
Victory
Defeat
🇦🇺 Muisca · Australia
1211
+16
🇦🇺 Burgundians · Australia
1210
-16
Skraelin
5:57 Loom
6:46 Double-Bit Axe
8:25 Horse Collar
10:23 Feudal Age
16:44 Castle Age
15:58 Bow Saw
17:49 Forging
17:45 Scale Barding Armor
17:35 Cavalier
18:48 Husbandry
19:57 Iron Casting
20:36 Gold Mining
27:32 Fletching
30:46 Two-Man Saw
30:25 Murder Holes
32:55 Chain Barding Armor
32:43 Town Watch
horrific necktie
9:19 Loom
11:04 Feudal Age
15:14 Castle Age
13:18 Double-Bit Axe
13:28 Horse Collar
14:32 Gold Mining
16:49 Bow Saw
16:42 Heavy Plow
16:48 Fletching
19:46 Wheelbarrow
20:07 Bodkin Arrow
20:43 Padded Archer Armor
22:05 Scale Mail Armor
23:16 Forging
23:22 Squires
27:14 Chain Mail Armor
30:15 Pikeman
Connection lost

Rejoining the realm…

Still unreachable

The connection could not be restored.

Session expired

The server has moved on; the page needs a fresh start.